 Dungeon Crawl Stone Soup version 0.24.0-1-gfbc8707122 (webtiles) character file.

Game seed: 7697458074231322113, levelgen mode: deterministic

124 Flydiii the Chiller (level 4, -3/34 HPs)
             Began as a Draconian Ice Elementalist on Oct 27, 2019.
             Killed from afar by a white imp (10 damage)
             ... with a puff of frost
             ... summoned by Natasha
             ... on level 2 of the Dungeon.
             The game lasted 00:10:40 (2212 turns).

Flydiii the Chiller (Draconian Ice Elementalist)    Turns: 2212, Time: 00:10:41

Health: -3/34      AC:  5    Str: 11    XL:     4   Next: 81%
Magic:  9/9        EV: 12    Int: 16    God:
Gold:   61         SH:  0    Dex: 11    Spells: 8/9 levels left

rFire    . . .     SeeInvis .   a - +0 dagger
rCold    . . .     Gourm    .   (no shield)
rNeg     . . .     Faith    .   (armour unavailable)
rPois    .         Spirit   .   (helmet restricted)
rElec    .         Reflect  .   (no cloak)
rCorr    .         Harm     .   (no gloves)
MR       .....                  (no boots)
Stlth    ++........             (no amulet)
HPRegen  0.11/turn              (no ring)
MPRegen  0.11/turn              (no ring)

@: no status effects
A: unfitting armour, cold-blooded, AC +5
a: no special abilities


You were on level 2 of the Dungeon.
You were not hungry.

You visited 1 branch of the dungeon, and saw 3 of its levels.

You collected 61 gold pieces.

Inventory:

Hand Weapons
 a - a +0 dagger (weapon)
Scrolls
 d - 2 scrolls of identify {unknown}
 e - a scroll of remove curse {unknown}
 f - a scroll of noise {unknown}
Potions
 c - 2 potions of invisibility {unknown}
 g - 2 potions of curing {unknown}
 h - a potion of cancellation {unknown}
Comestibles
 b - 4 rations


   Skills:
 + Level 0.7 Fighting
 + Level 0.3 Short Blades
 + Level 2.2 Dodging
 + Level 2.0 Stealth
 * Level 3.4 Spellcasting
   Level 1.0 Conjurations
 + Level 4.0 Ice Magic


You had 8 spell levels left.
You knew the following spells:

 Your Spells              Type           Power        Failure   Level  Hunger
a - Freeze                Ice            ###.         3%          1    None

Your spell library contained the following spells:

 Spells                   Type           Power        Failure   Level  Hunger
 Throw Frost              Conj/Ice       ##....       10%         2    ##.....
 Ozocubu's Armour         Chrm/Ice       #.......     24%         3    ###....
 Throw Icicle             Conj/Ice       ##......     54%         4    ####...
 Summon Ice Beast         Ice/Summ       #.......     61%         4    ####...


Dungeon Overview and Level Annotations

Branches:
Dungeon (3/15)

Altars:

Annotations:
D:2 Natasha, Robin


Innate Abilities, Weirdness & Mutations

Your plain brown scales are hard. (AC +5)
You cannot fit into any form of body armour.
You are cold-blooded and may be slowed by cold attacks.


Message History

You barely miss the crimson imp. You tail-slap the crimson imp.
The crimson imp is moderately wounded.
The crimson imp blinks!
The crimson imp barely misses you.
You barely miss the shadow imp. The shadow imp gestures at you.
Pain shoots through your body!
The crimson imp blinks!
The crimson imp hits you. The shadow imp gestures at you.
Pain shoots through your body!
* * * LOW HITPOINT WARNING * * *
The crimson imp closely misses you.
The crimson imp disappears in a puff of smoke!
The crimson imp hits you but does no damage.
The shadow imp disappears for a moment.
The crimson imp disappears in a puff of smoke!
The shadow imp disappears in a puff of smoke!
Natasha casts a spell.
The white imp gestures at you. The puff of frost hits you!
You die...

##...........##......#
#......#####....ยง.##.#
#......# ####.#.##.#
#.##.### #5.....#
.....# #.##h#.# ..####
#.#....# # #......#
###.....### #..@......#
#.........# #.........#
###.....### ##...## #.
####.(.# .. ..##.##
##<.### #.##.# ###
.....###.##.#


You could see Natasha and a white imp.

Vanquished Creatures
  Jessica (D:2)
  Natasha (D:2)
  2 adders
  An ooze (D:2)
  A worm (D:2)
  An orc (D:2)
  A giant cockroach (D:1)
  5 goblins
  4 hobgoblins
  15 jackals
  3 kobolds
  A quokka (D:3)
  3 bats
  A frilled lizard (D:2)
  A rat (D:2)
41 creatures vanquished.

Notes
Turn   | Place    | Note
-------+----------+-------------------------------------------
     0 | D:1      | Flydiii the Draconian Ice Elementalist began the quest for
                  | the Orb.
     0 | D:1      | Reached XP level 1. HP: 14/14 MP: 3/3
   368 | D:1      | Reached XP level 2. HP: 20/20 MP: 3/5
   970 | D:1      | You fall into a shaft and drop 1 floor!
   970 | D:2      | Noticed Robin
  1036 | D:3      | Reached XP level 3. HP: 13/26 MP: 2/6
  1644 | D:2      | Noticed Jessica
  1652 | D:2      | Killed Jessica
  1652 | D:2      | Reached XP level 4. HP: 14/34 MP: 4/8
  1732 | D:2      | Noticed Natasha
  1758 | D:2      | Killed Natasha
  1758 | D:2      | Reached skill level 4 in Ice Magic
  2126 | D:2      | Noticed Natasha
  2212 | D:2      | Killed from afar by a white imp

Levels and vault maps discovered:
D:1:      scummos_arrival_gate, layout_basic
D:2:      layout_loops_cross, uniq_jessica, uniq_robin, uniq_natasha
D:3:      layout_basic

Skill      XL: |  1  2  3  4 |
---------------+-------------+-----
Dodging        | 2 |  2.2
Stealth        | 2 |  2.0
Spellcasting   | 3 |  3.4
Ice Magic      | 4 |  4.0
Fighting       | |  0.7
Short Blades   | |  0.3
Conjurations   | |  1.0

Action                   |  1- 3 |  4- 6 || total
-------------------------+-------+-------++-------
Melee: Dagger            |    57 |    15 ||    72
       Tailslap          |     4 |     2 ||     6
 Cast: Freeze            |    48 |    16 ||    64
  Eat: Ration            |     1 |       ||     1
       Chunk             |       |     1 ||     1
Armor: Skin              |    43 |    16 ||    59
Dodge: Dodged            |   104 |    34 ||   138
